TOP OF THE 1ST |
Penquannock Overrated Jeter batting - Pitching for Reading Rainbows : RHP Ramón Quintero
|
Pitching: RHP Ramón Quintero
|
|
Batting: RHB Alfonso Hernández
|
0-0: Foul Ball, location: 2F 0-1: Foul Ball, location: 2F 0-2: Ball 1-2: Ball 2-2: Ball 3-2: Base on Balls
|
Batting: LHB Roberto Trujillo
|
0-0: Ball 1-0: Called Strike 1-1: Ball 2-1: SINGLE (Groundball, 5D) Alfonso Hernández to second
|
Batting: LHB Ron Robinson
|
0-0: Ball 1-0: Ball 2-0: Ball 3-0: Called Strike 3-1: Fly out, F9 (Flyball, 89S)
|
Batting: RHB Fernando Díaz
|
0-0: Ball 1-0: Ball 2-0: Called Strike 2-1: Swinging Strike 2-2: Foul Ball, location: 2F 2-2: Foul Ball, location: 2F 2-2: Strikes out swinging
|
Batting: LHB Pete Weber
|
0-0: Ball 1-0: Swinging Strike 1-1: DOUBLE (Flyball, 8LD) Alfonso Hernández scores Roberto Trujillo to third Runner from 3rd tries for Home, SAFE, no throw or cutoff
|
Batting: RHB Tim Hanson
|
0-0: Fly out, F7 (Flyball, 7M)
|
Top of the 1st over - 2 run(s), 2 hit(s), 0 error(s), 1 left on base; Penquannock 2 - Reading 0 |
BOTTOM OF THE 1ST |
Reading Rainbows batting - Pitching for Penquannock Overrated Jeter : LHP Héctor Díaz
|
Pitching: LHP Héctor Díaz
|
|
Batting: LHB Miguel Colón
|
0-0: Called Strike 0-1: Ball 1-1: Foul Ball, location: 2F 1-2: SINGLE (Groundball, 4MD)
|
Batting: RHB Albert Lutz
|
0-0: Called Strike 0-1: Ball 1-1: Ball 2-1: Swinging Strike 2-2: Strikes out swinging
|
Batting: RHB Dan Banks
|
0-0: Ball Miguel Colón is caught stealing 2nd base 1-0: SINGLE (Groundball, 6D)
|
Batting: RHB Germano Labrego
|
0-0: Ball 1-0: Called Strike 1-1: Ball 2-1: Called Strike 2-2: Foul Ball, location: 2F 2-2: Foul Ball, location: 2F 2-2: Strikes out swinging
|
Bottom of the 1st over - 0 run(s), 2 hit(s), 0 error(s), 1 left on base; Penquannock 2 - Reading 0 |
TOP OF THE 2ND |
Penquannock Overrated Jeter batting - Pitching for Reading Rainbows : RHP Ramón Quintero
|
Batting: LHB Dave Pitts
|
0-0: Foul Ball, location: 2F 0-1: Ball 1-1: Fly out, F7 (Flyball, 78XD)
|
Batting: RHB Barton Frazier
|
0-0: Called Strike 0-1: Fly out, F8 (Flyball, 8LXD)
|
Batting: SHB Francisco Ávila
|
0-0: Called Strike 0-1: Ball 1-1: Ball 2-1: Swinging Strike 2-2: Ball 3-2: Strikes out swinging
|
Top of the 2nd over - 0 run(s), 0 hit(s), 0 error(s), 0 left on base; Penquannock 2 - Reading 0 |
BOTTOM OF THE 2ND |
Reading Rainbows batting - Pitching for Penquannock Overrated Jeter : LHP Héctor Díaz
|
Batting: RHB Ron King
|
0-0: Ball 1-0: Fly out, F5 (Popup, 56S)
|
Batting: LHB Shane Lynch
|
0-0: Ball 1-0: Foul Ball, location: 2F 1-1: Fly out, F5 (Popup, 5SF)
|
Batting: LHB Alfonso Ruíz
|
0-0: Called Strike 0-1: Ball 1-1: Ball 2-1: SINGLE (Flyball, 78S)
|
Batting: RHB Donald Sanford
|
0-0: Ball Alfonso Ruíz steals 2nd base 1-0: Swinging Strike 1-1: Fly out, F8 (Flyball, 8RM)
|
Bottom of the 2nd over - 0 run(s), 1 hit(s), 0 error(s), 1 left on base; Penquannock 2 - Reading 0 |
TOP OF THE 3RD |
Penquannock Overrated Jeter batting - Pitching for Reading Rainbows : RHP Ramón Quintero
|
Batting: RHB Alfonso Hernández
|
0-0: Swinging Strike 0-1: Ball 1-1: Fly out, F8 (Flyball, 8RD)
|
Batting: LHB Roberto Trujillo
|
0-0: Swinging Strike 0-1: Foul Ball, location: 2F 0-2: Foul Ball, location: 2F 0-2: Foul Ball, location: 2F 0-2: Ball 1-2: Ball 2-2: Ball 3-2: Ground out U3 (Groundball, 3S)
|
Batting: LHB Ron Robinson
|
0-0: Called Strike 0-1: Swinging Strike 0-2: Fly out, F5 (Popup, 5L)
|
Top of the 3rd over - 0 run(s), 0 hit(s), 0 error(s), 0 left on base; Penquannock 2 - Reading 0 |
BOTTOM OF THE 3RD |
Reading Rainbows batting - Pitching for Penquannock Overrated Jeter : LHP Héctor Díaz
|
Batting: RHB Louis Smith
|
0-0: Ball 1-0: SINGLE (Line Drive, 78S)
|
Batting: LHB Miguel Colón
|
0-0: Called Strike 0-1: Ball 1-1: Foul Ball, location: 2F 1-2: Foul Ball, location: 2F 1-2: Foul Ball, location: 2F 1-2: SINGLE (Groundball, 4S) Louis Smith to second Runner from 2nd tries for 3rd, SAFE, throw made to third
|
Batting: RHB Albert Lutz
|
0-0: Ball 1-0: Foul Ball, location: 2F 1-1: Called Strike 1-2: Grounds into double play, 6-4-3 (Groundball, 6) Louis Smith scores
|
Batting: RHB Dan Banks
|
0-0: Ball 1-0: Foul Ball, location: 2F 1-1: Ball 2-1: DOUBLE (Flyball, 8RXD)
|
Batting: RHB Germano Labrego
|
0-0: Called Strike 0-1: Swinging Strike 0-2: Ground out 3-1 (Groundball, 34)
|
Bottom of the 3rd over - 1 run(s), 3 hit(s), 0 error(s), 1 left on base; Penquannock 2 - Reading 1 |
TOP OF THE 4TH |
Penquannock Overrated Jeter batting - Pitching for Reading Rainbows : RHP Ramón Quintero
|
Batting: RHB Fernando Díaz
|
0-0: Called Strike 0-1: Called Strike 0-2: Ball 1-2: Ball 2-2: Ground out 5-3 (Groundball, 15S)
|
Batting: LHB Pete Weber
|
0-0: Ball 1-0: Ball 2-0: Called Strike 2-1: Swinging Strike 2-2: Foul Ball, location: 2F 2-2: Ground out 6-3 (Groundball, 6MS)
|
Batting: RHB Tim Hanson
|
0-0: Ball 1-0: Called Strike 1-1: Ball 2-1: Foul Ball, location: 2F 2-2: Foul Ball, location: 2F 2-2: DOUBLE (Flyball, 89XD)
|
Batting: LHB Dave Pitts
|
0-0: Ball 1-0: Foul Ball, location: 2F 1-1: Ground out 4-3 (Groundball, 34)
|
Top of the 4th over - 0 run(s), 1 hit(s), 0 error(s), 1 left on base; Penquannock 2 - Reading 1 |
BOTTOM OF THE 4TH |
Reading Rainbows batting - Pitching for Penquannock Overrated Jeter : LHP Héctor Díaz
|
Batting: RHB Ron King
|
0-0: Reached on error, E6 (Groundball, 6)
|
Batting: LHB Shane Lynch
|
0-0: Ball 1-0: Ball 2-0: Foul Ball, location: 2F 2-1: Ball 3-1: Base on Balls
|
Batting: LHB Alfonso Ruíz
|
0-0: Ball 1-0: Fly out, F4 (Line Drive, 4)
|
Batting: RHB Donald Sanford
|
0-0: Foul Ball, location: 2F 0-1: Ball 1-1: Ball 2-1: Foul Ball, location: 2F 2-2: Grounds into double play, 6-4-3 (Groundball, 6M)
|
Bottom of the 4th over - 0 run(s), 0 hit(s), 1 error(s), 1 left on base; Penquannock 2 - Reading 1 |
TOP OF THE 5TH |
Penquannock Overrated Jeter batting - Pitching for Reading Rainbows : RHP Ramón Quintero
|
Batting: RHB Barton Frazier
|
0-0: Called Strike 0-1: Called Strike 0-2: Ball 1-2: Fly out, F7 (Line Drive, 78S)
|
Batting: SHB Francisco Ávila
|
0-0: Called Strike 0-1: Ball 1-1: Foul Ball, location: 2F 1-2: Ball 2-2: Foul Ball, location: 2F 2-2: SINGLE (Groundball, 34)
|
Batting: RHB Alfonso Hernández
|
0-0: Ball 1-0: Foul Ball, location: 2F 1-1: Ball 2-1: Foul Ball, location: 2F 2-2: Foul Ball, location: 2F 2-2: Ball 3-2: Strikes out looking
|
Batting: LHB Roberto Trujillo
|
0-0: Ball 1-0: Foul Ball, location: 2F 1-1: Swinging Strike 1-2: Ball 2-2: Ball Wild Pitch! Francisco Ávila to second 3-2: 2-RUN HOME RUN (Flyball, 8LXD), Distance : 441 ft
|
Batting: LHB Ron Robinson
|
0-0: Called Strike 0-1: Ball 1-1: Swinging Strike 1-2: Ground out 1-3 (Groundball, 15)
|
Top of the 5th over - 2 run(s), 2 hit(s), 0 error(s), 0 left on base; Penquannock 4 - Reading 1 |
BOTTOM OF THE 5TH |
Reading Rainbows batting - Pitching for Penquannock Overrated Jeter : LHP Héctor Díaz
|
Batting: RHB Louis Smith
|
0-0: Foul Ball, location: 2F 0-1: Ball 1-1: Swinging Strike 1-2: Ball 2-2: Ball 3-2: Ground out 5-3 (Groundball, 5)
|
Batting: LHB Miguel Colón
|
0-0: Ball 1-0: SINGLE (Line Drive, 56)
|
Batting: RHB Albert Lutz
|
0-0: Foul Ball, location: 2F 0-1: Ball Wild Pitch! Miguel Colón to second 1-1: Swinging Strike 1-2: Foul Ball, location: 2F 1-2: Ball 2-2: Ball 3-2: 2-RUN HOME RUN (Flyball, 7D), Distance : 359 ft
|
Pitching: RHP Dave Nelson
|
|
Batting: RHB Dan Banks
|
0-0: Called Strike 0-1: Ball 1-1: Foul Ball, location: 2F 1-2: Foul Ball, location: 2F 1-2: Fly out, F9 (Flyball, 9LM)
|
Batting: RHB Germano Labrego
|
0-0: Ball 1-0: Fly out, F3 (Popup, 13S)
|
Bottom of the 5th over - 2 run(s), 2 hit(s), 0 error(s), 0 left on base; Penquannock 4 - Reading 3 |
TOP OF THE 6TH |
Penquannock Overrated Jeter batting - Pitching for Reading Rainbows : RHP Ramón Quintero
|
Pitching: RHP Chris Lee
|
|
Batting: RHB Fernando Díaz
|
0-0: Ball 1-0: Called Strike 1-1: Swinging Strike 1-2: Strikes out swinging
|
Batting: LHB Pete Weber
|
0-0: Ball 1-0: Ball 2-0: Called Strike 2-1: Ball 3-1: Foul Ball, location: 2F 3-2: Foul Ball, location: 2F 3-2: Base on Balls
|
Batting: RHB Tim Hanson
|
0-0: Called Strike 0-1: Called Strike 0-2: Ball 1-2: Ball 2-2: Ball 3-2: Strikes out swinging Pete Weber steals 2nd base Batter strikes out.
|
Batting: LHB Dave Pitts
|
0-0: Ground out 6-3 (Groundball, 6M)
|
Top of the 6th over - 0 run(s), 0 hit(s), 0 error(s), 1 left on base; Penquannock 4 - Reading 3 |
BOTTOM OF THE 6TH |
Reading Rainbows batting - Pitching for Penquannock Overrated Jeter : RHP Dave Nelson
|
Batting: RHB Ron King
|
0-0: Swinging Strike 0-1: Ball 1-1: Foul Ball, location: 2F 1-2: Strikes out swinging
|
Batting: LHB Shane Lynch
|
0-0: Ball 1-0: Called Strike 1-1: Called Strike 1-2: Strikes out swinging
|
Batting: LHB Alfonso Ruíz
|
0-0: Ball 1-0: SINGLE (Groundball, 4M)
|
Batting: RHB Donald Sanford
|
0-0: Ball 1-0: Ball 2-0: Ball 3-0: Called Strike 3-1: Swinging Strike 3-2: Fly out, F7 (Flyball, 78D)
|
Bottom of the 6th over - 0 run(s), 1 hit(s), 0 error(s), 1 left on base; Penquannock 4 - Reading 3 |
TOP OF THE 7TH |
Penquannock Overrated Jeter batting - Pitching for Reading Rainbows : RHP Chris Lee
|
Batting: RHB Barton Frazier
|
0-0: Ball 1-0: Ball 2-0: Called Strike 2-1: Ball 3-1: Base on Balls
|
Batting: SHB Francisco Ávila
|
0-0: Bunted foul 0-1: Called Strike 0-2: Foul Ball, location: 2F 0-2: Ball 1-2: Fly out, F3 (Line Drive, 3) 1-2: Lined into DP, U3 (Line Drive, 3)
|
Batting: RHB Alfonso Hernández
|
0-0: Called Strike 0-1: Fly out, F7 (Flyball, 78XD)
|
Top of the 7th over - 0 run(s), 0 hit(s), 0 error(s), 0 left on base; Penquannock 4 - Reading 3 |
BOTTOM OF THE 7TH |
Reading Rainbows batting - Pitching for Penquannock Overrated Jeter : RHP Dave Nelson
|
Batting: RHB Louis Smith
|
0-0: SINGLE (Groundball, 6MD)
|
Batting: LHB Miguel Colón
|
0-0: Sac Bunt - play at first, batter OUT! 1-4 Louis Smith to second
|
Batting: RHB Albert Lutz
|
0-0: Ball 1-0: Ball 2-0: Ball 3-0: Base on Balls
|
Batting: RHB Dan Banks
|
0-0: Swinging Strike 0-1: Called Strike 0-2: Ball 1-2: Ball 2-2: Ball 3-2: SINGLE (Groundball, 56) Louis Smith to third Albert Lutz to second
|
Batting: RHB Germano Labrego
|
0-0: Ball 1-0: Ball 2-0: Foul Ball, location: 2F 2-1: GRAND SLAM HOME RUN (Flyball, 89XD), Distance : 386 ft
|
Batting: RHB Ron King
|
0-0: Called Strike 0-1: Hit by Pitch
|
Batting: LHB Shane Lynch
|
0-0: Foul Ball, location: 2F 0-1: Ball 1-1: Foul Ball, location: 2F 1-2: Fly out, F6 (Line Drive, 6)
|
Batting: LHB Alfonso Ruíz
|
0-0: Ball 1-0: Ball Wild Pitch! Ron King to second 2-0: Swinging Strike 2-1: Ball 3-1: Foul Ball, location: 2F 3-2: Foul Ball, location: 2F 3-2: Base on Balls
|
Pitching: RHP Richard Edwards
|
|
Batting: RHB Donald Sanford
|
0-0: Ball 1-0: Ball 2-0: Called Strike 2-1: Ball 3-1: Base on Balls Ron King to third Alfonso Ruíz to second
|
Batting: RHB Louis Smith
|
0-0: Ball 1-0: Ball 2-0: Ball 3-0: Base on Balls Ron King scores Alfonso Ruíz to third Donald Sanford to second
|
Batting: LHB Miguel Colón
|
0-0: Ball 1-0: Called Strike 1-1: Foul Ball, location: 2F 1-2: Strikes out swinging
|
Bottom of the 7th over - 5 run(s), 3 hit(s), 0 error(s), 3 left on base; Penquannock 4 - Reading 8 |
TOP OF THE 8TH |
Penquannock Overrated Jeter batting - Pitching for Reading Rainbows : RHP Chris Lee
|
Pitching: LHP Robert Trent
|
|
Batting: LHB Roberto Trujillo
|
0-0: Ball 1-0: Foul Ball, location: 2F 1-1: Swinging Strike 1-2: Foul Ball, location: 2F 1-2: Foul Ball, location: 2F 1-2: Ground out 4-3 (Groundball, 34)
|
Batting: LHB Ron Robinson
|
0-0: SINGLE (Flyball, 89S)
|
Batting: RHB Fernando Díaz
|
0-0: Fly out, F7 (Flyball, 78M)
|
Batting: LHB Pete Weber
|
0-0: Ball 1-0: Ball 2-0: Swinging Strike 2-1: Called Strike 2-2: Strikes out swinging
|
Top of the 8th over - 0 run(s), 1 hit(s), 0 error(s), 1 left on base; Penquannock 4 - Reading 8 |
BOTTOM OF THE 8TH |
Reading Rainbows batting - Pitching for Penquannock Overrated Jeter : RHP Richard Edwards
|
Batting: RHB Albert Lutz
|
0-0: Swinging Strike 0-1: Ball 1-1: SOLO HOME RUN (Flyball, 7LD), Distance : 369 ft
|
Batting: RHB Dan Banks
|
0-0: Ball 1-0: Ball 2-0: SINGLE (Line Drive, 56)
|
Batting: RHB Germano Labrego
|
0-0: SINGLE (Line Drive, 8LS) Dan Banks to second
|
Batting: RHB Ron King
|
0-0: SINGLE (Line Drive, 4D) Dan Banks to third Germano Labrego to second Runner from 3rd tries for Home, SAFE, no throw or cutoff
|
Batting: LHB Shane Lynch
|
0-0: Ball 1-0: Sac Bunt - play at first, batter OUT! 5-4 Germano Labrego to third Ron King to second
|
Batting: LHB Alfonso Ruíz
|
0-0: Ball 1-0: Called Strike 1-1: Called Strike 1-2: Ball 2-2: Ball 3-2: Base on Balls
|
Pitching: RHP Javier González
|
|
Batting: RHB Donald Sanford
|
0-0: Ball 1-0: Called Strike 1-1: Ball 2-1: Ball 3-1: Base on Balls Germano Labrego scores Ron King to third Alfonso Ruíz to second
|
Batting: RHB Louis Smith
|
0-0: Called Strike 0-1: Foul Ball, location: 2F 0-2: Ball 1-2: Strikes out looking
|
Batting: LHB Miguel Colón
|
0-0: Ball 1-0: Ground out 6-3 (Groundball, 56)
|
Bottom of the 8th over - 3 run(s), 4 hit(s), 0 error(s), 3 left on base; Penquannock 4 - Reading 11 |
TOP OF THE 9TH |
Penquannock Overrated Jeter batting - Pitching for Reading Rainbows : LHP Robert Trent
|
Now at 2B: Kyle Hollingsworth
|
|
Batting: RHB Tim Hanson
|
0-0: Swinging Strike 0-1: Swinging Strike 0-2: Foul Ball, location: 2F 0-2: Strikes out swinging
|
Batting: LHB Dave Pitts
|
0-0: Ball 1-0: Ball 2-0: Ball 3-0: Base on Balls
|
Batting: RHB Barton Frazier
|
0-0: SINGLE (Line Drive, 56) Dave Pitts to second
|
Batting: SHB Francisco Ávila
|
0-0: Ball 1-0: Called Strike 1-1: Ball 2-1: Ball 3-1: Base on Balls Dave Pitts to third Barton Frazier to second
|
Batting: RHB Alfonso Hernández
|
0-0: Foul Ball, location: 2F 0-1: Ball 1-1: Swinging Strike 1-2: Strikes out swinging
|
Batting: LHB Roberto Trujillo
|
0-0: Ball 1-0: Ball 2-0: Foul Ball, location: 2F 2-1: Foul Ball, location: 2F 2-2: Ball 3-2: Foul Ball, location: 2F 3-2: Hit by Pitch Dave Pitts scores Barton Frazier to third Francisco Ávila to second
|
Batting: LHB Ron Robinson
|
0-0: Ball 1-0: SINGLE (Groundball, 5D) Barton Frazier scores Francisco Ávila to third Roberto Trujillo to second Runner from 3rd tries for Home, SAFE, no throw or cutoff
|
Pitching: RHP Luis Silva
|
|
Batting: RHB Fernando Díaz
|
0-0: Called Strike 0-1: 3-RUN HOME RUN (Flyball, 78XD), Distance : 388 ft
|
Batting: LHB Pete Weber
|
0-0: Ball 1-0: Called Strike 1-1: Swinging Strike 1-2: Strikes out swinging
|
Top of the 9th over - 6 run(s), 3 hit(s), 0 error(s), 0 left on base; Penquannock 10 - Reading 11 |
|